 Dungeon Crawl Stone Soup version 0.20-a0-839-gdaf5c57 (webtiles) character file.

17 Amciq the Chucker (level 2, -3/31 HPs)
             Began as an Ogre Hunter on Mar 8, 2017.
             Slain by a worm (7 damage)
             ... on level 1 of the Dungeon.
             The game lasted 00:03:26 (1092 turns).

Amciq the Chucker (Ogre Hunter)                     Turns: 1092, Time: 00:03:27

Health: -3/31      AC:  5    Str: 15    XL:     2   Next: 62%
Magic:  2/2        EV: 10    Int: 12    God:
Gold:   56         SH:  0    Dex:  9    Spells: 1/1 levels left

rFire    . . .     SeeInvis .   o - +0 club
rCold    . . .     Gourm    .   b - +0 robe
rNeg     . . .     Faith    .   (no shield)
rPois    .         Spirit   .   (helmet restricted)
rElec    .         Reflect  .   l - +1 cloak
rCorr    .         Harm     .   (gloves unavailable)
MR       .....                  (boots unavailable)
Stlth    +.........             (no amulet)
Regen    0.1/turn               (no ring)
MPRegen  0.1/turn               (no ring)

@: lethally poisoned (-3 -> -5)
A: unfitting armour, tough skin 1
a: no special abilities


You were on level 1 of the Dungeon.
You were not hungry.

You visited 1 branch of the dungeon, and saw 2 of its levels.

You collected 56 gold pieces.

Inventory:

Hand Weapons
 o - a +0 club (weapon)
Missiles
 c - 5 large rocks (quivered)
 d - 2 throwing nets
Armour
 b - a +0 robe (worn)
 l - a +1 cloak (worn)
Scrolls
 e - a scroll of recharging {unknown}
 h - a scroll of amnesia {unknown}
 i - a scroll of blinking {unknown}
 j - a scroll of noise {unknown}
 n - a scroll of teleportation {unknown}
Potions
 g - a potion of degeneration {unknown}
 k - a potion of agility {unknown}
Comestibles
 f - a bread ration
 m - 3 royal jellies
 p - a chunk of flesh


   Skills:
 * Level 3.1 Fighting
 * Level 0.1 Maces & Flails
 + Level 4.1 Throwing
 + Level 2.1 Dodging
 - Level 1.0 Stealth


You had one spell level left.
You didn't know any spells.

Dungeon Overview and Level Annotations

Branches:
Dungeon (2/15)

Altars:


Innate Abilities, Weirdness & Mutations

You are too large for most types of armour.
You have tough skin. (AC +1)


Message History

The adder poisons you! The worm bites you!
The adder bites you but does no damage.
You feel sick.
The teleport trap disappears.
The frilled lizard disappears!
The adder misses you. The worm barely misses you.
You climb upwards.
You feel sick.
There is a stone staircase leading down here.
You closely miss the adder. The adder closely misses you. The adder bites you.
The worm barely misses you.
You hit the adder but do no damage.
You feel sick. The adder bites you. The adder barely misses you.
You completely miss the adder. The adder bites you.
* * * LOW HITPOINT WARNING * * *
The worm bites you.
* * * LOW HITPOINT WARNING * * *
You hit the worm but do no damage.
The adder bites you but does no damage. x2
The worm bites you but does no damage.
You hit the worm but do no damage.
* * * LOW HITPOINT WARNING * * *
You feel sick. The adder bites you but does no damage. The worm bites you!
You die...

#####.# #.# # #.# #.#
# #.# #.# # #.# #.#
#####.# #.# ...##.#
#.#
##.##.###########.###
.(.....).......S....#
#####.####...)..@w#.#
# #.# #.########.#
#####.# #.# #.#
......# #.#
#.######### #####.#
#.# #.........#
#####.####.##
#########.#
#......†....# #.#
#.###.####..# #.# #.#
#.# #..# #.#


You could see a worm and an adder.

Vanquished Creatures
  A dart slug (D:1)
  3 goblins (D:1)
  3 hobgoblins (D:1)
  3 kobolds (D:1)
  2 ball pythons (D:1)
  A bat (D:1)
  A frilled lizard (D:1)
  A rat (D:1)
15 creatures vanquished.

Notes
Turn   | Place    | Note
-------+----------+-------------------------------------------
     0 | D:1      | Amciq the Ogre Hunter began the quest for the Orb.
     0 | D:1      | Reached XP level 1. HP: 22/22 MP: 1/1
   335 | D:1      | Reached skill level 1 in Stealth
   335 | D:1      | Reached XP level 2. HP: 18/31 MP: 2/2
  1092 | D:1      | Slain by a worm

Vault maps used:
D:1:      dpeg_arrival_water_temple_mockup
D:2:      lemuel_coloured_pillars_altar, okawaru_ov_weapons_minmay,
          minmay_misc_feat_hallway, uniq_robin

Skill      XL: |  1  2 |
---------------+-------+-----
Fighting       | 3 |  3.1
Stealth        | 1 |  1.0
Dodging        | 2 |  2.1
Maces & Flails | |  0.1
Throwing       | |  4.1

Action                   || total
-------------------------++-------
Melee: Short sword       ||    60
       Club              ||     7
Throw: Large rock        ||     1
 Stab: Sleeping          ||     2
  Eat: Chunk             ||     1
Armor: Robe              ||    18
Dodge: Dodged            ||    33
